Map: Dusk Towers

Players

scttooo - Winner!

  • Race: Terran Terran
  • League: Diamond

Hunterlisk

  • Race: Terran Terran
  • League: Master

VOD

Have the link to the VOD?

Description

Tank Viking build against master

Time

  • Played on: March 3, 2016, 3:17 p.m.
  • Length: 7:19
Show
View Real Time Build Order
Export as new Build Order

scttooo Terran - Winner!

Build Orders: 1/1/1 

Get SALT Encoding   

  12  0:01  SCV  
  13  0:13  SCV  
  14  0:17  Supply Depot  
  14  0:25  SCV  
  14  0:28  Refinery  
  15  0:39  SCV  
  16  0:45  Barracks  
  16  0:51  SCV  
  16  0:56  Refinery  
  17  1:03  SCV  
  18  1:15  SCV  
  19  1:28  SCV  
  20  1:33  Barracks Tech Lab, Factory  
  20  1:44  Orbital Command  
  20  1:57  Supply Depot  
  20  2:03  Barracks Reactor  
  20  2:10  SCV  
  21  2:23  SCV  
  21  2:25  Starport  
  25  2:30  Siege Tank  
  24  2:37  SCV  
  24  2:41  Supply Depot  
  25  2:49  SCV  
  26  3:02  Siege Tank  
  29  3:07  Viking, SCV  
  29  3:12  Viking  
  34  3:20  Supply Depot, SCV  
  35  3:32  SCV  
  36  3:34  Siege Tank  
  39  3:47  SCV  
  40  3:49  Supply Depot  
  40  3:51  Viking  
  42  4:01  SCV  
  43  4:17  Siege Tank  
  43  4:21  Command Center  
  46  4:26  SCV  
  46  4:27  Liberator  
  47  4:32  Refinery  
  47  4:34  Supply Depot  
  47  4:35  Refinery  
  50  4:49  SCV  
  51  5:24  Siege Tank  
  51  5:25  Supply Depot  
  54  5:28  Factory  
  54  5:30  Liberator  
  54  5:57  Siege Tank  
  54  5:59  Orbital Command  
  54  6:01  SCV  
  58  6:05  Supply Depot  
  58  6:06  Armory  
  58  6:13  SCV  
  59  6:20  Factory Tech Lab  
  59  6:29  Siege Tank  
  59  6:41  Viking x2  
  59  6:52  SCV  
  59  6:53  SCV  
  64  7:05  SCV  
Show
View Real Time Build Order
Export as new Build Order

Hunterlisk Terran 

Build Orders:  

Get SALT Encoding   

  12  0:01  SCV  
  13  0:15  Supply Depot  
  13  0:17  SCV  
  14  0:29  SCV  
  15  0:37  Barracks  
  15  0:40  Refinery  
  15  0:44  SCV  
  16  0:56  SCV  
  17  1:10  SCV  
  18  1:26  Orbital Command, Barracks Reactor  
  18  1:44  Supply Depot  
  18  1:52  SCV  
  19  1:59  Command Center  
  19  2:04  Marine x2  
  21  2:12  Factory  
  21  2:20  Barracks  
  21  2:23  SCV  
  22  2:32  Barracks Tech Lab  
  22  2:35  SCV  
  23  2:47  Refinery, SCV  
  24  3:02  Marine x2  
  24  3:04  Siege Tank  
  29  3:10  Barracks  
  29  3:12  Orbital Command  
  29  3:20  Barracks Reactor  
  29  3:23  SCV  
  30  3:35  Marine x2  
  30  3:38  SCV x2  
  34  3:42  Bunker  
  34  3:50  Siege Tank  
  34  3:53  Marine x2  
  39  3:56  Supply Depot  
  39  3:57  Marine x2  
  39  3:58  SCV  
  39  4:02  Barracks Tech Lab  
  42  4:05  SCV  
  43  4:10  SCV  
  43  4:11  Marine x2  
  46  4:22  Marine  
  46  4:23  Stimpack  
  47  4:25  Marine x2  
  47  4:26  SCV  
  47  4:28  Marine, Supply Depot  
  47  4:29  Marine  
  52  4:38  SCV x2  
  52  4:44  Marine  
  52  4:45  Starport  
  54  4:48  Supply Depot  
  54  4:50  Marine x2  
  56  4:53  Siege Tank  
  56  4:57  SCV  
  56  4:58  SCV  
  59  5:17  Marine x2  
  59  5:18  Marine, Engineering Bay  
  62  5:25  Supply Depot  
  62  5:30  Viking  
  62  5:31  Marine  
  58  5:46  Barracks Reactor  
  58  5:49  Siege Tank  
  46  6:07  Marine x3  
  46  6:09  SCV x2  
  46  6:10  Starport Reactor  
  50  6:13  Refinery  
  48  6:25  Marine x2  
  47  6:42  Marine  
  47  6:43  Marine x2  
  47  6:44  Siege Tank  
  47  6:45  SCV x2  
  51  6:49  Barracks x2, Viking x2  
  51  6:53  Barracks  
Tags
 
Matchup
TvT
Opening
1/1/1
Race
Terran
Add a new tag
Caveats
  • Supply blocks, unpowered buildings, or Contaminate may cause inaccurate times.
  • Supply counts are checked every 10 seconds.